 Dungeon Crawl Stone Soup version 0.22-a0-247-gbddf880 (webtiles) character file.

872 Gorglomux the Covered (level 7, 0/61 HPs)
             Began as a Minotaur Earth Elementalist on Feb 25, 2018.
             Succumbed to an orc wizard's poison
             ... while paralysed
             ... on level 5 of the Dungeon.
             The game lasted 00:05:13 (5003 turns).

Gorglomux the Covered (Minotaur Earth Elementalist) Turns: 5003, Time: 00:05:14

Health: 0/61       AC: 16    Str: 14    XL:     7   Next: 74%
Magic:  8/8        EV:  2    Int: 12    God:
Gold:   271        SH:  0    Dex: 11    Spells: 7/8 levels left

rFire    . . .     SeeInvis .   y - +0 short sword (venom)
rCold    . . .     Gourm    .   J - +0 buckler
rNeg     . . .     Faith    .   M - +0 chain mail
rPois    .         Spirit   .   (helmet restricted)
rElec    .         Reflect  .   L - +2 cloak
rCorr    +         Harm     .   z - +2 pair of gloves
MR       +....                  (no boots)
Stlth    ..........             (no amulet)
HPRegen  0.20/turn              g - ring of resist corrosion
MPRegen  0.11/turn              m - ring of protection from magic

@: paralysed, lethally poisoned (0 -> -27), berserk cooldown, very slightly
contaminated, slowed, invisible
A: retaliatory headbutt, horns 2
a: no special abilities


You were on level 5 of the Dungeon.
You were not hungry.

You visited 1 branch of the dungeon, and saw 5 of its levels.

You collected 271 gold pieces.

Inventory:

Hand Weapons
 t - a +0 hand axe
 y - a +0 short sword of venom (weapon)
Missiles
 b - 152 stones (quivered)
Armour
 z - a +2 pair of gloves (worn)
 J - a +0 buckler (worn)
 L - a +2 cloak (worn)
 M - a +0 chain mail (worn)
Jewellery
 c - an uncursed ring of protection from cold
 g - a ring of resist corrosion (left hand)
 m - a ring of protection from magic (right hand)
Wands
 I - a wand of iceblast (11)
Scrolls
 e - 5 scrolls of identify {unknown}
 n - a scroll of noise {unknown}
 q - a scroll of amnesia {unknown}
 r - 2 scrolls of random uselessness {unknown}
 s - 3 scrolls of remove curse {unknown}
 v - 3 scrolls of fog {unknown}
 B - 3 scrolls of enchant armour {unknown}
 E - a scroll of fear {unknown}
 G - 7 scrolls of teleportation {unknown}
 H - a scroll of immolation {unknown}
 K - 4 scrolls of blinking {unknown}
Potions
 x - a potion of curing {unknown}
 A - a potion of resistance {unknown}
 D - a potion of haste {unknown}
 F - a potion of mutation {unknown}
 O - a potion of brilliance {unknown}
 Q - a potion of flight
 R - a potion of magic {unknown}
Comestibles
 d - 9 rations
 S - 5 chunks of flesh


   Skills:
 + Level 5.3 Fighting
 + Level 5.4 Armour
 + Level 5.4 Dodging
 - Level 1.5 Stealth
 + Level 3.9 Shields
 - Level 1.3 Spellcasting
   Level 0.7 Transmutations
 - Level 2.4 Earth Magic


You had 7 spell levels left.
You knew the following spells:

 Your Spells              Type           Power        Failure   Level  Hunger
a - Sandblast             Erth           #.....       91%         1    ##.....


Dungeon Overview and Level Annotations

Branches:
Dungeon (5/15)
 Temple: D:4-7

Altars:
Cheibriados
Trog

Annotations:
D:3 Gorglomux's ghost, amateur MiEE


Innate Abilities, Weirdness & Mutations

You reflexively headbutt those who attack you in melee.
You have a pair of horns on your head.


Message History

You annihilate the orc!!! * * * don't die
* * * You feel very sick!
Unknown command!
Press: ? - help, v - describe, ! - travel The floor!
Butt command! * * * don't die
* * * You feel sick!
You feel a strong urge to attack something! * * * don't die
* * * You feel sick! * * * don't die
* * * You feel sick!
Butt feel your anger nearly subside!
You butt no longer berserk!
POWER BUTT!!!!!!!!!
You feel yourself slow down! * * * don't butt
* * * You feel sick! rip

#............
######...########.
+...............
#...........####
#...........#
#...........#
#..........)#
#.........).###
#......@....).#
###########....#
#.....# #....!..
#........
#########


There were no monsters in sight!

Vanquished Creatures
  Eustachio (D:4)
  Blork the orc (D:4)
  A scorpion (D:4)
  A howler monkey (D:4)
  A crimson imp (D:4)
  Crazy Yiuf (D:3)
  A bullfrog skeleton (D:4)
  4 hounds (D:4)
  Ijyb (D:4)
  5 orc wizards
  Robin (D:4)
  7 adders
  2 oozes
  3 worms (D:2)
  A dart slug (D:1)
  A leopard gecko (D:3)
  9 orcs
  5 giant cockroaches
  17 goblins
  11 hobgoblins
  6 jackals
  2 quokkas
  A ball python (D:4)
  2 bats (D:1)
  3 frilled lizards
  10 kobolds
  6 rats
104 creatures vanquished.

Vanquished Creatures (others)
  A wizard (D:3)
1 creature vanquished.

Grand Total: 105 creatures vanquished

Notes
Turn   | Place    | Note
-------+----------+-------------------------------------------
     0 | D:1      | Gorglomux the Minotaur Earth Elementalist began the quest for the Orb.
     0 | D:1      | Reached XP level 1. HP: 14/14 MP: 1/1
   429 | D:1      | Reached skill level 1 in Fighting
   429 | D:1      | Reached skill level 1 in Armour
   429 | D:1      | Reached XP level 2. HP: 15/23 MP: 3/3
  1222 | D:1      | Reached XP level 3. HP: 29/29 MP: 4/4
  1560 | D:2      | Reached skill level 3 in Dodging
  1772 | D:2      | Reached XP level 4. HP: 7/37 MP: 2/5
  1796 | D:2      | HP: 1/37 [poisoned by an adder]
  2928 | D:3      | Found a bloodstained altar of Trog.
  2968 | D:3      | Noticed a wizard
  2974 | D:3      | Killed a wizard
  3021 | D:3      | Reached skill level 3 in Armour
  3100 | D:3      | Reached skill level 3 in Fighting
  3131 | D:3      | Reached XP level 5. HP: 34/45 MP: 6/6
  3249 | D:3      | Found a runed door.
  3262 | D:3      | Noticed Gorglomux's ghost (amateur MiEE)
  3775 | D:3      | Noticed Crazy Yiuf
  3777 | D:3      | Paralysed by Crazy Yiuf for 2 turns
  3782 | D:3      | Killed Crazy Yiuf
  4110 | D:4      | Reached skill level 1 in Shields
  4149 | D:4      | Noticed Robin
  4162 | D:4      | Reached XP level 6. HP: 44/52 MP: 7/7
  4174 | D:4      | Killed Robin
  4197 | D:4      | Noticed Blork the orc
  4206 | D:4      | Killed Blork the orc
  4461 | D:4      | Noticed Eustachio
  4709 | D:4      | Reached XP level 7. HP: 36/60 MP: 8/8
  4712 | D:4      | Killed Eustachio
  4712 | D:4      | Reached skill level 3 in Shields
  4849 | D:4      | Found a snail-covered altar of Cheibriados.
  4912 | D:4      | Noticed Ijyb
  4922 | D:4      | Killed Ijyb
  4964 | D:5      | Entered Level 5 of the Dungeon
  5002 | D:5      | HP: 2/61 [poisoned by an orc wizard]
  5003 | D:5      | Succumbed to an orc wizard's poison

Vault maps used:
D:1:      dpeg_arrival_oval, minmay_quantized
D:2:      first_ration, minmay_tetromino_s4
D:3:      minmay_crystal_room, kennysheep_doodads, grunt_ministairs_8,
          trog_wizard, uniq_crazy_yiuf_cottage
D:4:      lemuel_crystal_altar, uniq_eustachio, uniq_robin, uniq_blork_the_orc,
          uniq_ijyb
D:5:      minmay_temple_entry_enclosed_plants, kennysheep_windowed_goal

Skill      XL: |  1  2  3  4  5  6  7 |
---------------+----------------------+-----
Fighting       | 1 2 3 4 5 |  5.3
Armour         | 1 2 3 4 5 |  5.4
Dodging        | 3 4 5 |  5.4
Shields        | 1 2 3 |  3.9
Stealth        | |  1.5
Spellcasting   | |  1.3
Transmutations | |  0.7
Earth Magic    | |  2.4

Action                   |  1- 3 |  4- 6 |  7- 9 || total
-------------------------+-------+-------+-------++-------
Melee: Whip              |    62 |       |       ||    62
       Unarmed           |     9 |       |       ||     9
       Headbutt          |    14 |    28 |     2 ||    44
       Hand axe          |    32 |    15 |       ||    47
       Short sword       |       |   177 |    52 ||   229
 Cast: Sandblast         |    10 |     3 |       ||    13
  Use: Potion            |     3 |       |     2 ||     5
 Stab: Sleeping          |     2 |     5 |       ||     7
  Eat: Chunk             |     3 |    10 |     1 ||    14
Armor: Robe              |    20 |    15 |       ||    35
       Chain mail        |       |    84 |    44 ||   128
Dodge: Dodged            |    81 |    94 |    26 ||   201
Block: Buckler           |       |    19 |    13 ||    32

Table legend:
 A = Spawn XP
 B = Non-spawn XP
 C = Spawn XP percentage of total XP
 D = Spawn monster count
 E = Non-spawn monster count
 F = Spawn count percentage of total count
 G = Total turns spent on level
                    A         B        C        D         E        F      G
               +---------+---------+-------+---------+---------+-------+---------
         Total |       0 |    1247 |   0.0 |       0 |     104 |   0.0 |  5003
               +---------+---------+-------+---------+---------+-------+---------
           D:1 |       0 |      51 |   0.0 |       0 |      29 |   0.0 |  1535
           D:2 |       0 |     112 |   0.0 |       0 |      25 |   0.0 |  1345
           D:3 |       0 |     146 |   0.0 |       0 |      15 |   0.0 |  1167
           D:4 |       0 |     855 |   0.0 |       0 |      31 |   0.0 |   917
           D:5 |       0 |      83 |   0.0 |       0 |       4 |   0.0 |    39
               +---------+---------+-------+---------+---------+-------+---------
